AoeStats
← Maximus1743

Arena

509949248Analyzed
1v1 RM · 3d ago on Sep 28, 2026· 38m 13s· 2 players
Game mode
Random Map
Map size
Tiny (2 player)
Population
200
Speed
Normal
Resources
Standard
Victory
Conquest
Starting age
Dark Age
Ending age
Imperial Age
RankedLock teamsTeams togetherTeam positionsShared explorationLock speedFull tech treeHidden civsTurbo modeCheats
Victory
Defeat
🇨🇴 Mongols · Colombia
1264
+17
🇲🇽 Romans · Mexico
1279
-17
Wimac
8:42 Feudal Age
14:32 Castle Age
13:13 Double-Bit Axe
13:47 Horse Collar
24:01 Loom
24:51 Wheelbarrow
24:02 Town Watch
31:30 Imperial Age
28:57 Fletching
29:57 Bodkin Arrow
31:10 Hand Cart
30:55 Town Patrol
31:57 Padded Archer Armor
31:43 Onager
32:44 Bloodlines
32:34 Husbandry
34:05 Chemistry
33:46 Conscription
34:57 Scale Barding Armor
34:53 Bracer
35:06 Forging
34:56 Siege Onager
35:06 Light Cavalry
36:34 Ballistics
36:54 Chain Barding Armor
36:08 Hussar
38:54 Iron Casting
38:35 Leather Archer Armor
Maximus1743
9:16 Loom
11:02 Feudal Age
15:23 Castle Age
13:08 Horse Collar
13:16 Double-Bit Axe
16:33 Bow Saw
17:38 Scale Mail Armor
17:43 Heavy Plow
21:59 Town Watch
22:14 Pikeman
25:53 Wheelbarrow
31:05 Imperial Age
29:51 Scale Barding Armor
29:58 Forging
31:09 Fortified Wall
31:46 Bloodlines
32:03 Husbandry
31:28 Light Cavalry
32:14 Capped Ram
34:04 Chain Barding Armor
36:12 Plate Barding Armor
37:08 Hand Cart
37:25 Crop Rotation
37:02 Cavalier
Connection lost

Rejoining the realm…

Still unreachable

The connection could not be restored.

Session expired

The server has moved on; the page needs a fresh start.